 Dungeon Crawl Stone Soup version 0.22-a0-469-gf26638a (webtiles) character file.

101 galech the Skirmisher (level 4, 0/49 HPs)
             Began as an Ogre Berserker on June 11, 2018.
             Was a Believer of Trog.
             Slain by an orc
             ... wielding a +0 mace
              (7 damage)
             ... on level 3 of the Dungeon.
             The game lasted 00:02:24 (1731 turns).

galech the Skirmisher (Ogre Berserker)              Turns: 1731, Time: 00:02:25

Health: 0/49       AC:  3    Str: 22    XL:     4   Next: 75%
Magic:  4/4        EV: 10    Int:  5    God:    Trog [**....]
Gold:   147        SH:  0    Dex:  8    Spells: 3/3 levels left

rFire    . . .     SeeInvis .   a - +0 mace
rCold    . . .     Gourm    +   (no shield)
rNeg     . . .     Faith    .   b - +0 animal skin
rPois    .         Spirit   .   (helmet restricted)
rElec    .         Reflect  .   (no cloak)
rCorr    .         Harm     .   (gloves unavailable)
MR       .....                  (boots unavailable)
Stlth    +.........             d - amulet of the gourmand (curse)
HPRegen  0.16/turn              r - -3 ring of intelligence (curse)
MPRegen  0.09/turn              (no ring)

@: berserk cooldown, slowed, very slow
A: large, unfitting armour, tough skin 1
a: Berserk, Trog's Hand, Renounce Religion


You were on level 3 of the Dungeon.
You worshipped Trog.
Trog was pleased with you.
You were very full.

You visited 1 branch of the dungeon, and saw 3 of its levels.

You collected 147 gold pieces.

Inventory:

Hand Weapons
 a - a +0 mace (weapon)
Armour
 b - a +0 animal skin (worn)
Jewellery
 d - a cursed amulet of the gourmand (around neck)
 r - a cursed -3 ring of intelligence (left hand)
Scrolls
 e - 4 scrolls of teleportation {unknown}
 f - 2 scrolls of identify {unknown}
 h - a scroll of fog {unknown}
 i - 2 scrolls of enchant weapon {unknown}
 n - a scroll of fear {unknown}
 o - 3 scrolls of amnesia {unknown}
 s - a scroll of remove curse {unknown}
Potions
 g - 2 potions of lignification {unknown}
 j - a potion of resistance {unknown}
 k - 2 potions of heal wounds {unknown}
 l - a potion of agility {unknown}
 m - 2 potions of curing {unknown}
 q - a potion of cancellation {unknown}
 t - a potion of flight {unknown}
Comestibles
 c - 5 rations


   Skills:
 + Level 4.8 Fighting
 + Level 3.9 Maces & Flails
 + Level 3.2 Dodging
 + Level 0.4 Stealth


You had 3 spell levels left.
You didn't know any spells.
Your spell library was empty.

Dungeon Overview and Level Annotations

Branches:
Dungeon (3/15)

Altars:


Innate Abilities, Weirdness & Mutations

You are too large for most types of armour.
You have tough skin. (AC +1)


Message History

You hit the orc.
The orc is almost dead.
The orc hits you with a mace.
You completely miss the orc.
The orc is almost dead.
The orc hits you with a mace.
* * * LOW HITPOINT WARNING * * *
The orc closely misses you.
You closely miss the orc.
The orc is almost dead.
The orc hits you with a mace.
* * * LOW HITPOINT WARNING * * *
You completely miss the orc.
The orc is almost dead.
The orc barely misses you. The orc hits you with a mace.
* * * LOW HITPOINT WARNING * * *
You closely miss the orc.
The orc is almost dead.
The orc hits you with a mace!
You die...

.# .. #. #. ####
###.### ..! .....#
..# .# #.#o#.##.####
.# #.#.@........
##.## ###.###(.#####
#... ........(# ...#
###.####.# #..# #.#
#.#
#..##########.####.#
...................#
#..##########.####.#
..<# #.# #.#


You could see an orc.

Vanquished Creatures
  3 adders
  An ooze (D:1)
  6 dart slugs
  3 leopard geckos
  7 bats
  3 giant cockroaches (D:2)
  4 goblins
  7 hobgoblins
  2 jackals (D:3)
  8 kobolds
  4 frilled lizards
  6 rats
54 creatures vanquished.

Notes
Turn   | Place    | Note
-------+----------+-------------------------------------------
     0 | D:1      | galech the Ogre Berserker began the quest for the Orb.
     0 | D:1      | Reached XP level 1. HP: 24/24 MP: 1/1
    82 | D:1      | Reached XP level 2. HP: 32/32 MP: 2/2
   432 | D:1      | Reached XP level 3. HP: 33/40 MP: 3/3
  1101 | D:2      | Reached ** piety under Trog
  1142 | D:2      | Reached XP level 4. HP: 46/49 MP: 4/4
  1613 | D:3      | Found a faded altar of an unknown god.
  1731 | D:3      | Slain by an orc

Vault maps used:
D:1:      lemuel_arrival_funnel, kennysheep_pointless_box,
          minmay_misc_feat_ornament
D:2:      first_ration
D:3:      nicolae_overflow_crystal_walls, overflow_temple_1_default,
          old_standard_altar, chequers_ecumenical_altar_grove

Skill      XL: |  1  2 |
---------------+-------+-----
Maces & Flails | 3 |  3.9
Dodging        | 3 |  3.2
Fighting       | |  4.8
Stealth        | |  0.4

Action                   |  1- 3 |  4- 6 || total
-------------------------+-------+-------++-------
Melee: Mace              |    90 |    47 ||   137
Invok: Berserk           |     1 |     1 ||     2
       Trog's Hand       |       |     1 ||     1
 Stab: Sleeping          |     1 |     1 ||     2
  Eat: Chunk             |    16 |     3 ||    19
Armor: Animal skin       |    33 |    16 ||    49
Dodge: Dodged            |    60 |    36 ||    96

Table legend:
 A = Spawn XP
 B = Non-spawn XP
 C = Spawn XP percentage of total XP
 D = Spawn monster count
 E = Non-spawn monster count
 F = Spawn count percentage of total count
 G = Total turns spent on level
                    A         B        C        D         E        F      G
               +---------+---------+-------+---------+---------+-------+---------
         Total |       0 |     145 |   0.0 |       0 |      54 |   0.0 |  1731
               +---------+---------+-------+---------+---------+-------+---------
           D:1 |       0 |      45 |   0.0 |       0 |      22 |   0.0 |   781
           D:2 |       0 |      74 |   0.0 |       0 |      26 |   0.0 |   817
           D:3 |       0 |      26 |   0.0 |       0 |       6 |   0.0 |   133
               +---------+---------+-------+---------+---------+-------+---------
